Construct Infanterie Kompanie
Selects Mechanized Battlegroup
Construct Luftwaffe Kompanie
Selects Wespe Self-propelled Artillery
Wespe Self-propelled Artillery
Wespe Self-propelled Artillery
Marder III M Tank Destroyer
Selects Zeroing Artillery Barrage
Zeroing Artillery Barrage
Marder III M Tank Destroyer
Marder III M Tank Destroyer
Zeroing Artillery Barrage
Selects StuG Assault Group
Selects UNKNOWN (2160084)
Construct Panzer Kompanie
Zeroing Artillery Barrage
Zeroing Artillery Barrage